 Dungeon Crawl Stone Soup version 0.22-a0-252-gcace5d2 (webtiles) character file.

891 sankara the Basher (level 8, 0/46 HPs)
             Began as a Gargoyle Fighter on Mar 1, 2018.
             Was an Initiate of Okawaru.
             Splashed by Ijyb's acid (15 damage)
             ... on level 4 of the Dungeon.
             The game lasted 00:17:22 (4776 turns).

sankara the Basher (Gargoyle Fighter)               Turns: 4776, Time: 00:17:23

Health: 0/46       AC: 17    Str: 21    XL:     8   Next: 6%
Magic:  8/8        EV:  7    Int: 15    God:    Okawaru [......]
Gold:   154        SH:  9    Dex:  9    Spells: 7/7 levels left

rFire    + . .     SeeInvis .   a - +0 flail
rCold    . . .     Gourm    .   c - +0 shield
rNeg     + . .     Faith    .   l - +0 scale mail
rPois    ∞         Spirit   .   h - +2 helmet
rElec    +         Reflect  .   (no cloak)
rCorr    .         Harm     .   r - +0 pair of gloves
MR       .....                  o - +0 pair of boots
Stlth    ..........             (no amulet)
HPRegen  0.15/turn              p - ring of protection from fire (curse) {rF+, !d}
MPRegen  0.11/turn              (no ring)

@: brilliant, flying, hasted, very quick
A: negative energy resistance 1, electricity resistance, unbreathing,
petrification resistance, rot immunity, AC +5
a: Renounce Religion


You were on level 4 of the Dungeon.
You worshipped Okawaru.
Okawaru was noncommittal.
You were not hungry.

You visited 1 branch of the dungeon, and saw 6 of its levels.
You also visited: Sewer.

You collected 154 gold pieces.

Inventory:

Hand Weapons
 a - a +0 flail (weapon)
 b - a +0 hand crossbow
   (You took it off a kobold in a sewer)
 g - a +1 dagger of venom
   (You took it off a goblin on level 2 of the Dungeon)
 t - a cursed +0 whip
   (You took it off an orc on level 3 of the Dungeon)
 u - a +0 hunting sling
   (You found it on level 2 of the Dungeon)
Missiles
 e - 83 stones (quivered)
 k - 20 sling bullets
 v - 19 bolts
 C - a throwing net {=f, !d}
Armour
 c - a +0 shield (worn)
 h - a +2 helmet (worn)
   (You found it on level 1 of the Dungeon)
 l - a +0 scale mail (worn)
 n - a +0 chain mail
   (You found it on level 2 of the Dungeon)
 o - a +0 pair of boots (worn)
   (You found it on level 2 of the Dungeon)
 r - a +0 pair of gloves (worn)
   (You found it on level 3 of the Dungeon)
 D - a +0 buckler
   (You found it on level 4 of the Dungeon)
 E - the +3 pair of boots of Gitecw {rPois rN+ Dex-4, unknown}
   (You found it on level 4 of the Dungeon)

   It affects your dexterity (-4).
   It protects you from poison.
   It protects you from negative energy.
Jewellery
 p - a cursed ring of protection from fire (left hand) {rF+, !d}
   (You found it on level 3 of the Dungeon)
Scrolls
 j - a scroll of identify {unknown}
 m - 2 scrolls of fog
 x - a scroll of blinking {unknown}
 y - a scroll of teleportation
 z - a scroll of enchant armour {unknown}
 B - a scroll of remove curse {unknown}
Potions
 d - 2 potions of might
 i - 2 potions of brilliance
 q - a potion of flight
 s - a potion of heal wounds
 w - 2 potions of magic
Comestibles
 f - 6 rations
 F - 5 chunks of flesh {@w0}


   Skills:
 - Level 3.2 Fighting
 + Level 9.1 Maces & Flails
 - Level 3.2 Armour
 - Level 3.2 Shields


You had 7 spell levels left.
You didn't know any spells.

Dungeon Overview and Level Annotations

Branches:
Dungeon (6/15)
 Temple: D:4-7

Altars:
Elyvilon
Okawaru

Shops:
D:4 %

Annotations:
D:4 Ijyb
D:6 Edmund


Innate Abilities, Weirdness & Mutations

You are resistant to torment.
Your stone body is resilient. (AC +5)
You are immune to poison.
You resist negative energy. (rN+)
You are resistant to electric shocks. (rElec)
You can survive without breathing.
You are immune to petrification.
You are immune to rotting.


Message History

The gnoll is almost dead.
The gnoll hits you with a halberd.
You hit the gnoll.
You kill the gnoll!
Okawaru accepts your kill.
You hit the orc.
The orc is severely wounded.
The orc barely misses you.
You sock the orc!
You kill the orc!
Okawaru accepts your kill.
You closely miss the orc wizard. You block the orc wizard's attack.
The orc wizard gestures at you while chanting.
You resist with some effort.
You sock the orc wizard!
The orc wizard is severely wounded.
You are feeling hungry.
You block the orc wizard's attack.
The orc wizard hits you but does no damage.
You hit the orc wizard but do no damage.
The orc wizard is severely wounded.
The orc wizard points at you and mumbles some strange words.
The magic dart hits you!
You barely miss the orc wizard.
The orc wizard is severely wounded.
You block the orc wizard's attack.
The orc wizard mumbles some strange words.
The orc wizard blinks!
You block the orc wizard's attack.
You thump the orc wizard!
You kill the orc wizard!
Okawaru accepts your kill.
No target in view!
No target in view!
You see here an iguana corpse.
You butcher the iguana corpse.
F - 2 chunks of flesh {@w0} Eating one of 2 chunks of flesh {@w0}.
You eat one of the 2 chunks of flesh {@w0}.
This raw flesh tastes terrible.
Things that are here:
a club; a scale mail; an orc corpse You butcher the orc corpse.
F - 5 chunks of flesh {@w0} (gained 4)
Things that are here:
a club; a scale mail You start resting.
HP restored.
Found a stone staircase leading down.
Things that are here:
a dagger; a robe; an orc corpse
f - 5 rations (gained 1)
Found a stone staircase leading up.
d - 2 potions of might (gained 1)
f - 6 rations (gained 1)
You found a teleport trap!
e - 83 stones (gained 5)
You now have 154 gold pieces (gained 7).
Marking area around Ijyb as unsafe for travelling.
Ijyb the Twisted Goblin comes into view.
She is wielding a dagger of electrocution.
Ijyb shouts!
Ijyb zaps a wand.
The bolt of acid hits you! The acid corrodes you!
You are splashed with acid!
The acid burns!
It is a wand of acid (6).
It was a potion of heal wounds.
You feel much better. You block Ijyb's attack.
Your shield and scale mail prevent you from hitting Ijyb.
Ijyb screams, "It's all mine!"
Ijyb hits you but does no damage.
You barely miss Ijyb. You block Ijyb's attack.
You hit Ijyb but do no damage. Ijyb barely misses you.
You hit Ijyb but do no damage. Ijyb barely misses you.
You closely miss Ijyb. You block Ijyb's attack.
You barely miss Ijyb.
Ijyb zaps a wand.
The bolt of acid hits you!
You are splashed with acid!
The acid burns!
It was a potion of magic.
Magic courses through your body. Ijyb hits you but does no damage.
It was a potion of brilliance.
You feel clever all of a sudden. Ijyb hits you but does no damage.
It was a potion of flight.
You feel very buoyant.
You fly up into the air.
Ijyb zaps a wand.
The bolt of acid misses you.
It was a potion of haste.
You feel yourself speed up. Ijyb hits you but does no damage.
You closely miss Ijyb. Ijyb closely misses you.
You hit Ijyb but do no damage. You hit Ijyb.
Ijyb is lightly wounded.
You are no longer corroded.
Ijyb hits you but does no damage.
You closely miss Ijyb.
Ijyb is lightly wounded.
Ijyb hits you but does no damage.
You sock Ijyb!
Ijyb is heavily wounded.
You barely miss Ijyb.
Ijyb is heavily wounded.
Ijyb zaps a wand.
The bolt of acid hits you!
You are splashed with acid!
The acid burns!
You die...

#########***************
.).......,,,,,,,,,,,..,*
.........,,,,,,,,,,,.,,*
...####*********,,*.#***
.#.## ****,,##.* .#..##
*,,,,*..,* .##..#
**,**##.#** .[##.# **,.#
#g.# #.##.#####..#*##@#*
#.##.#.....#* #..#
.......########.##
..........<.....#######
#.####..#######.......#**
.........^.............,*
#.######.###..#########,*
#,** #..#...## *,,* #,,*
#......# *,**


You could see Ijyb.

Vanquished Creatures
  A centaur (D:3)
  A bullfrog (D:6)
  A big kobold (Sewer)
  A gnoll sergeant (D:4)
  A howler monkey (D:6)
  A hound (D:4)
  2 orc priests (D:3)
  A bullfrog skeleton (D:6)
  An iguana (D:4)
  4 orc wizards
  A worker ant (D:3)
  4 gnolls (D:4)
  8 adders
  2 river rats
  5 oozes
  4 worms
  4 dart slugs
  6 leopard geckos
  16 orcs
  7 bats
  6 giant cockroaches
  13 hobgoblins
  3 jackals (D:3)
  A quokka (D:2)
  4 ball pythons
  6 frilled lizards
  8 goblins
  10 kobolds
  12 rats
134 creatures vanquished.

Notes
Turn   | Place    | Note
-------+----------+-------------------------------------------
     0 | D:1      | sankara the Gargoyle Fighter began the quest for the Orb.
     0 | D:1      | Reached XP level 1. HP: 14/14 MP: 1/1
   216 | D:1      | Reached XP level 2. HP: 19/19 MP: 2/2
   268 | D:1      | Reached skill level 3 in Maces & Flails
   376 | D:1      | Reached XP level 3. HP: 23/23 MP: 3/3
  1212 | D:2      | Found a white marble altar of Elyvilon.
  1225 | D:2      | Reached skill level 4 in Maces & Flails
  1384 | D:2      | Reached XP level 4. HP: 28/28 MP: 4/4
  2137 | D:3      | Reached skill level 5 in Maces & Flails
  2137 | D:3      | Reached XP level 5. HP: 32/32 MP: 5/5
  2271 | D:3      | Noticed a centaur
  2286 | D:3      | Killed a centaur
  2286 | D:3      | Reached skill level 6 in Maces & Flails
  2293 | D:3      | Reached XP level 6. HP: 34/37 MP: 6/6
  2632 | D:3      | Found a glowing drain.
  2640 | Sewer    | Entered a sewer
  2862 | Sewer    | Reached skill level 7 in Maces & Flails
  2994 | Sewer    | Reached XP level 7. HP: 37/41 MP: 7/7
  3600 | D:3      | You fall through a shaft for 3 floors!
  3678 | D:6      | Noticed Edmund
  3679 | D:6      | Reached skill level 8 in Maces & Flails
  3679 | D:6      | HP: 8/41 [orc warrior/short sword of draining (9)]
  3687 | D:5      | Entered Level 5 of the Dungeon
  3988 | D:4      | Found Roleq's Food Shop.
  4149 | D:4      | Got a pair of spiked boots
  4631 | D:4      | Found an iron altar of Okawaru.
  4637 | D:4      | Became a worshipper of Warmaster Okawaru
  4660 | D:4      | Reached skill level 9 in Maces & Flails
  4660 | D:4      | Reached XP level 8. HP: 46/46 MP: 8/8
  4756 | D:4      | Noticed Ijyb
  4776 | D:4      | Splashed by Ijyb's acid

Vault maps used:
D:1:      minmay_arrival_floating_metal
D:2:      elyvilon_altar_1
D:3:      cheibrodos_pilgrimage, gup_sewer_entry_bubbles
D:4:      serial_shops, shop, minmay_ruined_shrine, uniq_eustachio, uniq_ijyb,
          uniq_crazy_yiuf_cottage
D:5:      basic_altar, first_ration
D:6:      makhleb_altar_promises_db, uniq_edmund
Sewer:    sewer_co_15_rooms

Skill      XL: |  1  2  3  4  5  6  7 |
---------------+----------------------+-----
Maces & Flails | 3 4 5 6 7 9 |  9.1
Fighting       | |  3.2
Armour         | |  3.2
Shields        | |  3.2

Action                   |  1- 3 |  4- 6 |  7- 9 || total
-------------------------+-------+-------+-------++-------
Melee: Flail             |   114 |   298 |   139 ||   551
 Fire: Hand crossbow     |       |    26 |    26 ||    52
  Use: Scroll            |       |     2 |     2 ||     4
       Potion            |       |       |     5 ||     5
  Eat: Chunk             |     2 |     6 |     6 ||    14
Armor: Scale mail        |    45 |   161 |    97 ||   303
Dodge: Dodged            |    29 |    86 |    37 ||   152
Block: Shield            |    50 |   160 |    93 ||   303

Table legend:
 A = Spawn XP
 B = Non-spawn XP
 C = Spawn XP percentage of total XP
 D = Spawn monster count
 E = Non-spawn monster count
 F = Spawn count percentage of total count
 G = Total turns spent on level
                    A         B        C        D         E        F      G
               +---------+---------+-------+---------+---------+-------+---------
         Total |       0 |    1274 |   0.0 |       0 |     134 |   0.0 |  4776
               +---------+---------+-------+---------+---------+-------+---------
           D:1 |       0 |      47 |   0.0 |       0 |      23 |   0.0 |  1056
           D:2 |       0 |      65 |   0.0 |       0 |      26 |   0.0 |   974
           D:3 |       0 |     430 |   0.0 |       0 |      40 |   0.0 |  1561
           D:4 |       0 |     333 |   0.0 |       0 |      19 |   0.0 |   404
           D:6 |       0 |     197 |   0.0 |       0 |       5 |   0.0 |    87
         Sewer |       0 |     202 |   0.0 |       0 |      21 |   0.0 |   396
               +---------+---------+-------+---------+---------+-------+---------

Vault maps used:
D:1:      minmay_arrival_floating_metal
D:2:      elyvilon_altar_1
D:3:      cheibrodos_pilgrimage, gup_sewer_entry_bubbles
D:4:      serial_shops, shop, minmay_ruined_shrine, uniq_eustachio, uniq_ijyb,
          uniq_crazy_yiuf_cottage
D:5:      basic_altar, first_ration
D:6:      makhleb_altar_promises_db, uniq_edmund
Sewer:    sewer_co_15_rooms

Table legend:
 A = Turns spent in this place as a percentage of turns spent in the entire game.
 B = Non-inter-level travel turns spent in this place as a percentage of non-inter-level travel turns spent in the entire game.
 C = Inter-level travel turns spent in this place as a percentage of turns spent in this place.
 D = Turns resting spent in this place as a percentage of non-inter-level travel turns spent in this place.
 E = Turns spent auto-exploring this place as a percentage of non-inter-level travel turns spent in this place.
 F = Non-inter-level travel turns spent in this place divided by the number of levels of this place that you've seen.
                   A       B       C       D       E      F
               +-------+-------+-------+-------+-------+----------------------
         Total | 100.0 | 100.0 |   4.5 |  19.1 |  45.3 | 651.6
       Dungeon |  91.7 |  91.3 |   4.9 |  21.0 |  44.6 | 694.2
         Sewer |   8.3 |   8.7 |   0.0 |   0.0 |  52.5 | 396.0
               +-------+-------+-------+-------+-------+----------------------

Table legend:
 A = Kills in this place as a percentage of kills in entire the game.
 B = Kills by you in this place as a percentage of kills by you in the entire game.
 C = Kills by friends in this place as a percentage of kills by friends in the entire game.
 D = Other kills in this place as a percentage of other kills in the entire game.
 E = Experience gained in this place as a percentage of experience gained in the entire game.
 F = Experience gained in this place divided by the number of levels of this place that you have seen.
                   A       B       C       D       E      F
               +-------+-------+-------+-------+-------+----------------------
         Total | 100.0 | 100.0 |   N/A |   N/A | 100.0 | 182.0
       Dungeon |  84.3 |  84.3 |   N/A |   N/A |  84.1 | 178.7
         Sewer |  15.7 |  15.7 |   N/A |   N/A |  15.9 | 202.0
               +-------+-------+-------+-------+-------+----------------------
